 Dungeon Crawl Stone Soup version 0.26-a0-651-gb41185065b (webtiles) character file.

Game seed: 13711797908698978647

143 ipx the Chopper (level 5, 0/41 HPs)
             Began as a Barachi Brigand on Oct 26, 2020.
             Slain by an orc
             ... wielding a +0 flail
              (10 damage)
             ... on level 3 of the Dungeon.
             The game lasted 00:07:52 (513 turns).

ipx the Chopper (Barachi Brigand)                    Turns: 513, Time: 00:07:53

Health: 0/41       AC:  6    Str: 13    XL:     5   Next: 25%
Magic:  5/5        EV: 10    Int: 12    God:
Gold:   26         SH:  0    Dex: 13    Spells: 4/4 levels left

rFire    . . .     SeeInvis .   b - +0 hand axe
rCold    . . .     Faith    .   (no shield)
rNeg     . . .     Spirit   .   l - +0 ring mail
rPois    .         Reflect  .   (no helmet)
rElec    .         Harm     .   c - +0 cloak
rCorr    .         Rampage  .   (no gloves)
MR       .....                  (no boots)
Stlth    ++........             (no amulet)
HPRegen  0.13/turn              (no ring)
MPRegen  0.09/turn              (no ring)

@: can't hop, slow
A: +LOS, swims, slowness 1, strong legs 1
a: Hop


You were on level 3 of the Dungeon.
You visited 1 branch of the dungeon, and saw 3 of its levels.

You collected 26 gold pieces.

Inventory:

Hand Weapons
 a - a +2 dagger
 b - a +0 hand axe (weapon)
Missiles
 d - 12 poisoned darts (quivered)
 o - 2 boomerangs
Armour
 c - a +0 cloak (worn)
 l - a +0 ring mail (worn)
Scrolls
 g - 3 scrolls of remove curse {unknown}
 h - 2 scrolls of teleportation {unknown}
 j - a scroll of identify {unknown}
 n - a scroll of blinking {unknown}
Potions
 k - a potion of lignification {unknown}
 m - a potion of flight {unknown}


   Skills:
 - Level 3.0 Fighting
 - Level 2.6 Short Blades
 * Level 3.8 Axes
 + Level 3.1 Throwing
 - Level 1.1 Dodging
 - Level 3.6 Stealth


You had 4 spell levels left.
You didn't know any spells.
Your spell library was empty.

Dungeon Overview and Level Annotations

Branches:
Dungeon (3/15)

Altars:


Innate Abilities, Weirdness & Mutations

You can be seen from farther away. (+LOS)
You can swim through water.
You cover ground slowly.
You can hop short distances.


Message History

You throw a poisoned dart.
The poisoned dart hits the frilled lizard!
The frilled lizard is poisoned.
You kill the frilled lizard!
Throwing (i - inventory. (/) - cycle)
d - 14 poisoned darts (quivered)
Press: ? - help, Shift-Dir - straight line, f/p - orc wizard
Aim: an orc wizard, wielding a +0 dagger and wearing a +0 robe of magic resistance (lightly wounded, poisoned)
You throw a poisoned dart.
The poisoned dart barely misses the orc.
The poisoned dart hits the orc wizard.
The orc wizard is lightly wounded.
Throwing (i - inventory. (/) - cycle)
d - 13 poisoned darts (quivered)
Press: ? - help, Shift-Dir - straight line, f/p - orc wizard
Aim: an orc wizard, wielding a +0 dagger and wearing a +0 robe of magic resistance (lightly wounded, poisoned)
You throw a poisoned dart. The poisoned dart hits the orc.
The orc is moderately wounded.
You closely miss the orc.
The orc is moderately wounded.
The orc hits you with a +0 flail!
You die...

# #. ####. #
.....#######.# #
#####..#.......#...
..>...............#
#.....#@#<....#..
##.....oo..........
#......#(#..##.#...
#....).#o#..##.# .
#......#(#.....#.
#..(...#o........
..#..o(([...###.. #
#..#)###### .+ #.
#o #


You could see an orc wizard (poisoned) and 3 orcs.

Vanquished Creatures
  An orc priest (D:3)
  2 orc wizards (D:3)
  An adder (D:3)
  A dart slug (D:2)
  2 leopard geckos (D:2)
  4 orcs (D:3)
  4 bats
  3 giant cockroaches
  2 goblins
  7 hobgoblins
  7 kobolds
  2 quokkas (D:2)
  A ball python (D:1)
  A frilled lizard (D:3)
  4 rats
42 creatures vanquished.

Notes
Turn   | Place    | Note
-------+----------+-------------------------------------------
     0 | D:1      | ipx the Barachi Brigand began the quest for the Orb.
     0 | D:1      | Reached XP level 1. HP: 17/17 MP: 1/1
    49 | D:1      | Reached XP level 2. HP: 13/23 MP: 2/2
   169 | D:1      | Reached skill level 1 in Axes
   255 | D:1      | Reached XP level 3. HP: 19/29 MP: 3/3
   468 | D:3      | Reached XP level 4. HP: 19/35 MP: 4/4
   498 | D:3      | Reached XP level 5. HP: 17/41 MP: 5/5
   513 | D:3      | Slain by an orc

Illustrated notes

Levels and vault maps discovered:
D:1:      shiori_arrival_oz, layout_loops_ring, hangedman_abyss_or_decor_stabs
D:2:      cheibrodos_old_hovel, layout_basic, marbit_many_paths,
          nicolae_overflow_crystal_walls, chequers_hall_statues_y,
          lemuel_blue_sif_altar
D:3:      layout_basic, lemuel_doored_altar, uniq_natasha

Skill      XL: |  1  2  3  4  5 |
---------------+----------------+-----
Fighting       | 3 |  3.0
Axes           | 1 3 |  3.8
Throwing       | 3 |  3.1
Short Blades   | |  2.6
Dodging        | |  1.1
Stealth        | |  3.6

Action                   |  1- 3 |  4- 6 || total
-------------------------+-------+-------++-------
Melee: Dagger            |    91 |     9 ||   100
       Hand axe          |     4 |    10 ||    14
Throw: Dart              |    19 |    12 ||    31
 Abil: Hop               |       |     1 ||     1
  Use: Potion            |       |     2 ||     2
 Stab: Sleeping          |     3 |       ||     3
       Distracted        |       |     1 ||     1
Armor: Robe              |    15 |       ||    15
       Ring mail         |     5 |     7 ||    12
       Skin              |     3 |       ||     3
Dodge: Dodged            |    35 |     9 ||    44

Table legend: (Time is in decaauts)
 A = Elapsed time spent in this place.
 B = Non-inter-level travel time spent in this place.
 C = Inter-level travel time spent in this place.
 D = Time resting spent in this place.
 E = Time spent auto-exploring this place.
 F = Levels seen in this place.
 G = Mean time per level.
                   A        B        C        D        E       F      G
               +--------+--------+--------+--------+--------+-----+--------+
         Total |    560 |    560 |      0 |      0 |      0 |   3 |  186.7 |
       Dungeon |    560 |    560 |      0 |      0 |      0 |   3 |  186.7 |
               +--------+--------+--------+--------+--------+-----+--------+

Top non-repeatable levels by time:
     D:1: 261 daAuts
     D:2: 243 daAuts
     D:3: 56 daAuts
